 Dungeon Crawl Stone Soup version 0.29.0-4-gdea44cf6ec (webtiles) character file.

Game seed: 15174632872580657506

269 qw the Chopper (level 6, -5/35 HPs)
             Began as a Tengu Warper on Aug 28, 2022.
             Slain by a wight
             ... wielding a +0 scimitar
              (6 damage)
             ... on level 6 of the Dungeon.
             The game lasted 00:00:15 (3676 turns).

qw the Chopper (Tengu Warper)                       Turns: 3676, Time: 00:00:15

Health: -5/35      AC:  6    Str: 14    XL:     6   Next: 22%
Magic:  10/10      EV: 11    Int: 13    God:
Gold:   161        SH:  0    Dex: 13    Spells: 9/9 levels left

rFire   . . .      SeeInvis .   Y - +3 hand axe (elec)
rCold   . . .      Faith    .   (no shield)
rNeg    . . .      Spirit   .   i - +0 scale mail
rPois   .          Reflect  .   (helmet restricted)
rElec   .          Harm     .   (no cloak)
rCorr   .          Rampage  .   (no gloves)
Will    .....                   (boots unavailable)
Stlth   ..........              (no amulet)
HPRegen 0.11/turn               (no ring)
MPRegen 0.12/turn               (no ring)

@: flying quickly and evasively, quick
A: beak, talons 3, nimble flight
a: no special abilities


You were on level 6 of the Dungeon.
You visited 1 branch of the dungeon, and saw 4 of its levels.

You collected 203 gold pieces.
You spent 42 gold pieces at shops.


Innate Abilities, Weirdness & Mutations

You have a beak for a mouth.
You have claws for feet.
Your magical nature lets you fly swiftly and evasively.


   Skills:
 + Level 2.0 Fighting
 - Level 7.0 Axes
 - Level 1.0 Throwing
 - Level 1.1 Armour
 - Level 2.1 Dodging
 - Level 2.0 Spellcasting
 - Level 2.4 Translocations


You had 9 spell levels left.
You didn't know any spells.
Your spell library contained the following spells:

 Spells                   Type           Power      Damage    Failure   Level
 Blink                    Tloc           14%        N/A       54%         2
 Gell's Gravitas          Tloc           7%         N/A       77%         3
 Lesser Beckoning         Tloc           7%         N/A       77%         3
 Teleport Other           Tloc           7%         N/A       77%         3
 Manifold Assault         Tloc           7%         N/A       100%        5

Inventory:

Hand Weapons
 j - a +0 flail
 Y - a +3 hand axe of electrocution (weapon)
Missiles
 e - a javelin (quivered)
Armour
 i - a +0 scale mail (worn)
Scrolls
 a - a scroll of identify
Potions
 b - a potion of lignification {unknown}
 d - a potion of mutation {unknown}
 g - a potion of cancellation
 h - a potion of flight {unknown}
 k - a potion of resistance

Dungeon Overview and Level Annotations

Branches:
Dungeon (6/15)
 Temple: D:4-7

Altars:
Wu Jian

Shops:
D:2 (

Annotations:
D:2 1 runed translucent door, Crazy Yiuf


Message History

The orc priest is severely wounded.
You barely miss the black bear.
The orc priest hits you with a +0 short sword.
The black bear bites you. The black bear closely misses you.
The black bear misses you.
You slash the orc priest!
Lightning courses through the orc priest!
You kill the orc priest!
You closely miss the orc. You hit the black bear. The black bear bites you.
The black bear closely misses you.
The black bear claws you but does no damage.
The orc misses you.
A wight comes into view.
It is wielding a +5 morningstar and quivering poisoned darts.
Your Axes skill increases to level 7!
You barely miss the black bear. You peck the black bear.
The black bear is heavily wounded.
You hit the orc.
An orc wizard comes into view. It is wielding a +0 dagger.
The black bear bites you. The black bear claws you.
The black bear claws you but does no damage.
3672 ||| Stepping ~*~*~tactically~*~*~ (stealth).
3673 ||| Stepping ~*~*~tactically~*~*~ (stealth).
You hit the black bear.
You claw the black bear, but do no damage.
You peck the black bear, but do no damage.
The black bear is severely wounded.
You slash the orc!
You kill the orc!
The black bear bites you. The black bear claws you.
The black bear barely misses you.
You hit the black bear. Your peck misses the black bear.
The black bear is severely wounded.
The black bear barely misses you. x2
The black bear claws you but does no damage.
You hit the black bear. Your kick misses the black bear.
You peck the black bear.
You kill the black bear!
You hit the wight. The wight hits you with a +0 scimitar.
You die...

#......#............
#......#............
#.........#........#
#.........#....... .
#.........#...z.#...
#######'###....).......
........###...<.....(o#
###.......#..zo###.....
#.......#..@.........
..........##'####....#.
##..)......#.. ..<.
#.........### #.#
#.#.##....).# . #.#.
#.##.#)# # #. #.##.#.#
.. #.#.# ### #.#.######


You could see 2 wights and an orc.

Vanquished Creatures
  A black bear (D:6)
  A scorpion (D:6)
  2 hounds (D:6)
  An orc priest (D:6)
  Jessica (D:2)
  4 adders
  A dart slug (D:3)
  6 orcs (D:6)
  6 ball pythons
  2 bats
  An endoplasm (D:1)
  3 giant cockroaches
  3 goblins
  3 hobgoblins
  4 jackals (D:3)
  4 kobolds (D:3)
  A quokka (D:3)
  3 frilled lizards (D:1)
  8 rats
55 creatures vanquished.

Notes
Turn   | Place    | Note
-------+----------+-------------------------------------------
     0 | D:1      | qw the Tengu Warper began the quest for the Orb.
     0 | D:1      | Reached XP level 1. HP: 12/12 MP: 4/4
     0 | D:1      | 0 ||| qw: Version: 0.1-a-89-g26bdef1
     0 | D:1      | 0 ||| qw: Game counter: 1951
     0 | D:1      | 0 ||| qw: Always use a shield: true
     0 | D:1      | 0 ||| qw: God list: Okawaru
     0 | D:1      | 0 ||| qw: Allow faded altars: false
     0 | D:1      | 0 ||| qw: Do Orc after D:15 true
     0 | D:1      | 0 ||| qw: Do second Lair branch before Depths: true
     0 | D:1      | 0 ||| qw: Lair rune preference: random
     0 | D:1      | 0 ||| qw: Plans: Normal
     0 | D:1      | 0 ||| PLANNING D:1-11
   520 | D:1      | Reached skill level 3 in Axes
   520 | D:1      | Reached XP level 2. HP: 17/17 MP: 6/6
   850 | D:1      | 850 ||| Stepping ~*~*~tactically~*~*~ (stealth).
  1089 | D:1      | 1089 ||| UPGRADING to +0 ring mail.
  1099 | D:1      | 1099 ||| DROPPING +0 leather armour.
  1100 | D:1      | 1100 ||| UPGRADING to +0 scale mail.
  1110 | D:1      | 1110 ||| DROPPING +0 ring mail.
  1111 | D:1      | 1111 ||| DROPPING +6 ring of intelligence.
  1112 | D:1      | 1112 ||| READING scroll labelled LUFIARGH ETSA.
  1113 | D:1      | 1113 ||| DRINKING 2 smoky yellow potions.
  1114 | D:1      | 1114 ||| DROPPING scroll of blinking.
  1297 | D:2      | Reached XP level 3. HP: 21/21 MP: 7/7
  1329 | D:2      | 1329 ||| Stepping ~*~*~tactically~*~*~ (stealth).
  1330 | D:2      | 1330 ||| Stepping ~*~*~tactically~*~*~ (stealth).
  1360 | D:2      | Reached skill level 4 in Axes
  1401 | D:2      | Found an ornate altar of the Wu Jian Council.
  1423 | D:2      | Found Gysitoyv's Weapon Boutique.
  1438 | D:2      | 1438 ||| BUYING +0 mace (42 gold).
  1438 | D:2      | Bought a +0 mace for 42 gold pieces
  1438 | D:2      | 1438 ||| DROPPING +0 club.
  1475 | D:2      | HP: 5/21 [poisoned by an adder]
  1476 | D:2      | 1476 ||| DRINKING potion of heal wounds.
  1676 | D:2      | Identified the +8 spear of Mana {vamp, *Slow rN+ Str+4}
  1810 | D:2      | Noticed Jessica
  1813 | D:2      | HP: 5/21 [Jessica/nerve-wracking pain (7)]
  1815 | D:2      | Killed Jessica
  1816 | D:2      | Reached XP level 4. HP: 4/26 MP: 8/8
  2176 | D:2      | Found a runed translucent door.
  2177 | D:2      | Noticed Crazy Yiuf
  2476 | D:2      | 2476 ||| READING scroll labelled AFYUNA GENYCE.
  2477 | D:2      | 2477 ||| READING 3 scrolls of identify.
  2477 | D:2      | 2477 ||| IDENTIFYING silvery potion
  2478 | D:2      | 2478 ||| READING 2 scrolls of identify.
  2478 | D:2      | 2478 ||| IDENTIFYING sapphire potion
  2744 | D:3      | 2744 ||| DROPPING +0 mace.
  2827 | D:3      | 2827 ||| Stepping ~*~*~tactically~*~*~ (stealth).
  2834 | D:3      | Reached skill level 5 in Axes
  2979 | D:3      | Found a faded altar of an unknown god.
  3306 | D:3      | You fall into a shaft and drop 3 floors!
  3308 | D:6      | Noticed a scorpion
  3316 | D:6      | Killed a scorpion
  3317 | D:6      | Gained mutation: Your magical nature lets you fly swiftly
                  | and evasively. [Tengu growth]
  3317 | D:6      | Reached XP level 5. HP: 9/30 MP: 9/9
  3547 | D:6      | Reached skill level 6 in Axes
  3548 | D:6      | 3548 ||| Stepping ~*~*~tactically~*~*~ (stealth).
  3607 | D:6      | 3607 ||| DROPPING +3 whip.
  3611 | D:6      | 3611 ||| SWAPPING to +2 hand axe of electrocution.
  3612 | D:6      | 3612 ||| DROPPING +0 hand axe.
  3647 | D:6      | 3647 ||| READING scroll labelled TAWKUT ALYOLAAM.
  3648 | D:6      | 3648 ||| READING scroll labelled RUULOA QIEFER.
  3659 | D:6      | Noticed a black bear
  3660 | D:6      | Reached XP level 6. HP: 32/35 MP: 10/10
  3660 | D:6      | 3660 ||| Stepping ~*~*~tactically~*~*~ (stealth).
  3661 | D:6      | 3661 ||| Stepping ~*~*~tactically~*~*~ (stealth).
  3663 | D:6      | 3663 ||| Stepping ~*~*~tactically~*~*~ (stealth).
  3671 | D:6      | Reached skill level 7 in Axes
  3671 | D:6      | HP: 5/35 [black bear (4)]
  3672 | D:6      | 3672 ||| Stepping ~*~*~tactically~*~*~ (stealth).
  3673 | D:6      | 3673 ||| Stepping ~*~*~tactically~*~*~ (stealth).
  3674 | D:6      | HP: 2/35 [black bear (1)]
  3676 | D:6      | Killed a black bear
  3676 | D:6      | Slain by a wight

Levels and vault maps discovered:
D:1:      erik_arrival_triangle_medium, layout_loops_corners
D:2:      layout_basic, serial_shops, shop_coins, basic_altar, uniq_jessica,
          uniq_crazy_yiuf_cottage
D:3:      minmay_door_path, layout_basic, basic_ecumenical_altar
D:6:      layout_basic, uniq_grinder

Skill      XL: |  1  2  3  4  5  6 |
---------------+-------------------+-----
Axes           | 3 4 5 6 7 |  7.0
Fighting       | |  2.0
Throwing       | |  1.0
Armour         | |  1.1
Dodging        | |  2.1
Spellcasting   | |  2.0
Translocations | |  2.4

Action                   |  1- 3 |  4- 6 || total
-------------------------+-------+-------++-------
Melee: Hand axe          |    64 |    74 ||   138
       Peck              |    11 |    15 ||    26
       Kick              |    12 |    13 ||    25
       Punch             |     1 |     1 ||     2
Throw: Boomerang         |     7 |       ||     7
       Javelin           |       |     6 ||     6
  Use: Potion            |     2 |       ||     2
       Scroll            |     1 |     5 ||     6
Armor: Scale mail        |    15 |    27 ||    42
Dodge: Dodged            |    29 |    36 ||    65

Table legend:
 A = Non-vault XP
 B = Vault XP
 C = Vault XP percentage of total XP
 D = Non-vault monster count
 E = Vault monster count
 F = Vault count percentage of total count
                 A         B        C        D         E       F
            +---------+---------+-------+---------+---------+-------
      Total |     471 |      42 |   8.2 |      51 |       4 |   7.3
            +---------+---------+-------+---------+---------+-------
        D:1 |      18 |       0 |   0.0 |      13 |       0 |   0.0
        D:2 |      52 |      37 |  41.6 |      12 |       1 |   7.7
        D:3 |      26 |       5 |  16.1 |      14 |       3 |  17.6
        D:6 |     375 |       0 |   0.0 |      12 |       0 |   0.0
            +---------+---------+-------+---------+---------+-------
